 Dungeon Crawl Stone Soup version 0.28-a0-1567-g1695149f81 (webtiles) character file.

Game seed: 16837046442811364143

66 dolemite99 the Poker (level 3, -2/30 HPs)
             Began as a Minotaur Gladiator on Jan 20, 2022.
             Slain by a killer bee (4 damage)
             ... on level 3 of the Dungeon.
             The game lasted 00:02:07 (2272 turns).

dolemite99 the Poker (Minotaur Gladiator)           Turns: 2272, Time: 00:02:08

Health: -2/30      AC:  9    Str: 20    XL:     3   Next: 96%
Magic:  2/2        EV:  8    Int:  5    God:
Gold:   196        SH:  0    Dex: 11    Spells: 2/2 levels left

rFire   . . .      SeeInvis +   a - +0 trident
rCold   . . .      Faith    .   (no shield)
rNeg    . . .      Spirit   .   o - +0 chain mail
rPois   .          Reflect  .   c - +1 hat
rElec   .          Harm     .   (no cloak)
rCorr   .          Rampage  .   (no gloves)
Will    .....                   (no boots)
Stlth   ..........              (no amulet)
HPRegen 0.10/turn               y - ring of see invisible
MPRegen 0.08/turn               (no ring)

@: no status effects
A: horns 2, retaliatory headbutt
a: no special abilities


You were on level 3 of the Dungeon.
You visited 1 branch of the dungeon, and saw 4 of its levels.

You collected 196 gold pieces.

Inventory:

Hand Weapons
 a - a +0 trident (weapon)
 t - a +4 whip
Missiles
 d - 3 throwing nets (quivered)
 h - 33 stones
 v - 32 arrows
Armour
 b - a +0 leather armour
 c - a +1 hat (worn)
 o - a +0 chain mail (worn)
Magical Staves
 u - a staff of fire
Jewellery
 k - an amulet of faith
 s - a ring of wizardry
 y - a ring of see invisible (left hand)
Scrolls
 e - 3 scrolls of identify {@r1}
 g - a scroll of enchant armour
 i - a scroll of vulnerability {unknown}
 j - a scroll of holy word {unknown}
 x - a scroll of teleportation {unknown}
 z - a scroll of fear {unknown}
Potions
 f - 3 potions of brilliance
 l - a potion of mutation {unknown}
 m - a potion of might {unknown}
 n - a potion of lignification {unknown}
 q - a potion of attraction {unknown}
 r - a potion of haste {unknown}
 w - a potion of heal wounds {unknown}


   Skills:
 - Level 2.4 Fighting
 + Level 5.9 Polearms
 - Level 2.0 Throwing
 - Level 3.2 Dodging


You had 2 spell levels left.
You didn't know any spells.
Your spell library was empty.

Dungeon Overview and Level Annotations

Branches:
Dungeon (4/15)
 Temple: D:4-7

Altars:
Cheibriados

Annotations:
D:3 3 runed translucent doors, Cancer's ghost, amateur GrEE


Innate Abilities, Weirdness & Mutations

You have a pair of horns on your head.
You reflexively headbutt those who attack you in melee.


Message History

As you read the scroll labelled SYNKUTAURO, it crumbles to dust.
It is a scroll of identify.
f - 3 potions of brilliance The killer bee barely misses you.
The killer bee stings you! The killer bee barely misses you.
You furiously retaliate!
You headbutt the killer bee! The killer bee stings you.
You are poisoned.
The killer bee poisons you! The killer bee stings you!
* * * LOW HITPOINT WARNING * * *
The killer bee closely misses you.
Okay, then.
As you read the scroll labelled JODOZY LABOU, it crumbles to dust.
It is a scroll of enchant armour.
Your +0 hat glows green for a moment.
* * * LOW HITPOINT WARNING * * *
You feel sick.
The killer bee stings you but does no damage. x4
The killer bee closely misses you. You furiously retaliate!
You headbutt the killer bee. The killer bee stings you.
* * * LOW HITPOINT WARNING * * *
You are more poisoned.
The killer bee poisons you!
It was a potion of curing.
You feel better. The killer bee closely misses you.
The killer bee stings you but does no damage.
The killer bee barely misses you.
The killer bee stings you but does no damage. x3
You feel better. The killer bee stings you. The killer bee closely misses you.
You furiously retaliate!
You headbutt the killer bee! The killer bee stings you. x2
The killer bee stings you but does no damage.
The killer bee stings you.
* * * LOW HITPOINT WARNING * * *
The killer bee stings you.
* * * LOW HITPOINT WARNING * * *
The killer bee stings you but does no damage. x2
The killer bee barely misses you.
You miss the killer bee. Your headbutt misses the killer bee.
The killer bee stings you but does no damage. x2
The killer bee stings you.
You die...

####...#.##÷# #.##.# #.#
.........##.# #.##.# #.#
.......####.# #.##.# #.#
####..## #.# ###.##.# #†# #..#
#.# #......# #.# ####..#
##.####.#.#..# #.# ......#
#.........>..# #.#
##.#.#####..####y#.#.## #.##
............# #@yy..## #..#
......#####.# ###....# ##.#
#+++### #.# ####.# #.#
....♣.#####.##### #.# #.#
.8....#.........## #.# ##.##
...(..#####..###.####.# #...#
(.....#......# #......###.#.###
..(.(.####.#.###.######...#...#
####### #.##.........#.#####.#


You could see 3 killer bees.

Vanquished Creatures
  3 adders
  A dart slug (D:1)
  2 ball pythons
  A bat (D:1)
  5 endoplasms
  3 giant cockroaches
  4 hobgoblins
  6 kobolds
  2 quokkas (D:1)
  A frilled lizard (D:3)
  5 goblins
  A rat (D:2)
34 creatures vanquished.

Notes
Turn   | Place    | Note
-------+----------+-------------------------------------------
     0 | D:1      | dolemite99 the Minotaur Gladiator began the quest for the
                  | Orb.
     0 | D:1      | Reached XP level 1. HP: 18/18 MP: 0/0
   345 | D:1      | Reached skill level 4 in Polearms
   453 | D:1      | Reached XP level 2. HP: 22/25 MP: 1/1
   997 | D:2      | Found a snail-covered altar of Cheibriados.
  1069 | D:2      | Reached skill level 5 in Polearms
  1079 | D:2      | Reached XP level 3. HP: 30/30 MP: 2/2
  1139 | D:2      | You fall into a shaft and drop 1 floor!
  1632 | D:3      | Found a faded altar of an unknown god.
  1722 | D:3      | Found a runed translucent gate.
  1722 | D:3      | Found a runed translucent gate.
  2011 | D:3      | Found a runed translucent gate.
  2012 | D:3      | Noticed Cancer's ghost (amateur GrEE)
  2258 | D:4      | Noticed a killer bee
  2258 | D:4      | Noticed a killer bee
  2259 | D:4      | Noticed a killer bee
  2259 | D:4      | Noticed a killer bee
  2259 | D:4      | Noticed a killer bee
  2260 | D:4      | Noticed a killer bee
  2272 | D:3      | Slain by a killer bee

Illustrated notes

Levels and vault maps discovered:
D:1:      sevenhm_arrival_forest_fort_small_3, layout_loops_corners
D:2:      layout_loops_ring, basic_altar
D:3:      layout_loops_ring, ebering_ghost_rock_garden,
          nicolae_ecumenical_pavilion
D:4:      layout_basic, chequers_temple_overflow_statue_of_worship,
          serial_shops, shop, shop, nicolae_shop_advertising_works
          [nicolae_subvault_shop_adworks], kennysheep_little_box, shop,
          kennysheep_generic_room_11

Skill      XL: |  1  2 |
---------------+-------+-----
Polearms       | 4 5 |  5.9
Fighting       | |  2.4
Throwing       | |  2.0
Dodging        | |  3.2

Action                   || total
-------------------------++-------
Melee: Trident           ||    76
       Headbutt          ||    10
  Use: Scroll            ||     2
       Potion            ||     2
Armor: Leather armour    ||     3
       Chain mail        ||    41
Dodge: Dodged            ||    38

Table legend: (Time is in decaauts)
 A = Elapsed time spent in this place.
 B = Non-inter-level travel time spent in this place.
 C = Inter-level travel time spent in this place.
 D = Time resting spent in this place.
 E = Time spent auto-exploring this place.
 F = Levels seen in this place.
 G = Mean time per level.
                   A        B        C        D        E       F      G
               +--------+--------+--------+--------+--------+-----+--------+
         Total |   2276 |   2182 |     94 |     30 |   1770 |   4 |  569.0 |
       Dungeon |   2276 |   2182 |     94 |     30 |   1770 |   4 |  569.0 |
               +--------+--------+--------+--------+--------+-----+--------+

Top non-repeatable levels by time:
     D:1: 914 daAuts
     D:3: 696 daAuts
     D:2: 660 daAuts
     D:4: 5 daAuts
